TOP OF THE 1ST |
Richland Rails batting - Pitching for Springfield Shooters : LHP Gabriel Valenzuela
|
Pitching: LHP Gabriel Valenzuela
|
|
Batting: RHB Fernando Granados
|
0-0: Foul Ball, location: 2F 0-1: Hit by Pitch
|
Batting: RHB Quigley Gibson
|
0-0: Ball Fernando Granados steals 2nd base 1-0: Ball 2-0: Called Strike 2-1: Foul Ball, location: 2F 2-2: Strikes out swinging
|
Batting: SHB Pablo Coloa
|
0-0: Called Strike 0-1: Ball 1-1: Foul Ball, location: 2F 1-2: Fly out, F7 (Flyball, 7LSF)
|
Batting: RHB Kazu Hishida
|
0-0: Ground out 6-3 (Groundball, 6M)
|
Top of the 1st over - 0 run(s), 0 hit(s), 0 error(s), 1 left on base; Richland 0 - Springfield 0 |
BOTTOM OF THE 1ST |
Springfield Shooters batting - Pitching for Richland Rails : RHP Paco Manuel
|
Pitching: RHP Paco Manuel
|
|
Batting: SHB Benedict Patel
|
0-0: Ball 1-0: Foul Ball, location: 2F 1-1: SINGLE (Groundball, 6D)
|
Batting: RHB Carlos Cardona
|
0-0: Ball 1-0: Ball 2-0: Foul Ball, location: 2F 2-1: Swinging Strike 2-2: Strikes out swinging
|
Batting: LHB Chris Payling
|
0-0: Called Strike 0-1: Foul Ball, location: 2F 0-2: Ball Wild Pitch! Benedict Patel to second 1-2: Foul Ball, location: 2F 1-2: Fly out, F8 (Flyball, 8RM)
|
Batting: RHB Gabrio Campoverde
|
0-0: Swinging Strike 0-1: Foul Ball, location: 2F 0-2: Ball 1-2: SINGLE (Flyball, 5D) Benedict Patel to third Runner from 3rd tries for Home, SAFE, no throw
|
Batting: LHB Shahid Afridi
|
0-0: Ball Gabrio Campoverde steals 2nd base 1-0: Called Strike 1-1: Fly out, F3 (Popup, 3L)
|
Bottom of the 1st over - 1 run(s), 2 hit(s), 0 error(s), 1 left on base; Richland 0 - Springfield 1 |
TOP OF THE 2ND |
Richland Rails batting - Pitching for Springfield Shooters : LHP Gabriel Valenzuela
|
Batting: RHB Christian Gentry
|
0-0: Called Strike 0-1: SINGLE (Groundball, 6MD)
|
Batting: LHB Orlando Casillas
|
0-0: Ball 1-0: Called Strike 1-1: Called Strike 1-2: Strikes out swinging
|
Batting: SHB Jasper Otto
|
0-0: Foul Ball, location: 2F 0-1: Ball Christian Gentry is caught stealing 2nd base 1-1: Foul Ball, location: 2F 1-2: SINGLE (Flyball, 9S)
|
Batting: RHB Lee Faught
|
0-0: Foul Ball, location: 2F 0-1: Ball 1-1: Foul Ball, location: 2F 1-2: SINGLE (Flyball, 89S) Jasper Otto to second
|
Batting: RHB Miguel Luna
|
0-0: Fly out, F9 (Flyball, 89S)
|
Top of the 2nd over - 0 run(s), 3 hit(s), 0 error(s), 2 left on base; Richland 0 - Springfield 1 |
BOTTOM OF THE 2ND |
Springfield Shooters batting - Pitching for Richland Rails : RHP Paco Manuel
|
Batting: RHB Willis Kirkendall
|
0-0: SOLO HOME RUN (Flyball, 7LD), Distance : 348 ft
|
Batting: LHB Daniel Faraday
|
0-0: Foul Ball, location: 2F 0-1: Ball 1-1: Foul Ball, location: 2F 1-2: Strikes out swinging
|
Batting: RHB Javier Vásquez
|
0-0: Called Strike 0-1: Ball 1-1: Foul Ball, location: 2F 1-2: Ball 2-2: Fly out, F9 (Flyball, 89M)
|
Batting: RHB Francisco Gonzáles
|
0-0: Called Strike 0-1: Called Strike 0-2: Ball 1-2: Strikes out swinging
|
Bottom of the 2nd over - 1 run(s), 1 hit(s), 0 error(s), 0 left on base; Richland 0 - Springfield 2 |
TOP OF THE 3RD |
Richland Rails batting - Pitching for Springfield Shooters : LHP Gabriel Valenzuela
|
Batting: RHB Fernando Granados
|
0-0: Ball 1-0: Ball 2-0: Ball 3-0: Base on Balls
|
Batting: RHB Quigley Gibson
|
0-0: Called Strike 0-1: Ball 1-1: Ball 2-1: Foul Ball, location: 2F 2-2: Ball 3-2: Strikes out swinging Fernando Granados is caught stealing 2nd base Batter strikes out.
|
Batting: SHB Pablo Coloa
|
0-0: Ball 1-0: Ball 2-0: Ball 3-0: Called Strike 3-1: SINGLE (Groundball, 56S) (infield hit)
|
Batting: RHB Kazu Hishida
|
0-0: Ball 1-0: Ball 2-0: Fielders Choice at 2nd, 5-4 (Groundball, 56)
|
Top of the 3rd over - 0 run(s), 1 hit(s), 0 error(s), 0 left on base; Richland 0 - Springfield 2 |
BOTTOM OF THE 3RD |
Springfield Shooters batting - Pitching for Richland Rails : RHP Paco Manuel
|
Batting: SHB Benedict Patel
|
0-0: Foul Ball, location: 2F 0-1: SINGLE (Flyball, 7LS)
|
Batting: RHB Carlos Cardona
|
0-0: Ground out 4-3 (Groundball, 34) Benedict Patel to second
|
Batting: LHB Chris Payling
|
0-0: Swinging Strike 0-1: SINGLE (Flyball, 8RS) Benedict Patel to third Runner from 3rd tries for Home, SAFE, no throw
|
Batting: RHB Gabrio Campoverde
|
0-0: Ball 1-0: Ball 2-0: Ball 3-0: Called Strike 3-1: Called Strike 3-2: Foul Ball, location: 2F 3-2: SINGLE (Groundball, 56D) Chris Payling to second
|
Batting: LHB Shahid Afridi
|
0-0: Called Strike Chris Payling is caught stealing 3rd base Gabrio Campoverde to second 0-1: Ball 1-1: Foul Ball, location: 2F 1-2: Strikes out swinging
|
Bottom of the 3rd over - 1 run(s), 3 hit(s), 0 error(s), 1 left on base; Richland 0 - Springfield 3 |
TOP OF THE 4TH |
Richland Rails batting - Pitching for Springfield Shooters : LHP Gabriel Valenzuela
|
Batting: RHB Christian Gentry
|
0-0: Called Strike 0-1: SINGLE (Groundball, 4MD)
|
Batting: LHB Orlando Casillas
|
0-0: Called Strike 0-1: Ball 1-1: Called Strike 1-2: Ball 2-2: SINGLE (Line Drive, 6M) Christian Gentry to second
|
Batting: SHB Jasper Otto
|
0-0: Called Strike 0-1: Ball 1-1: Fly out, F6 (Popup, 56)
|
Batting: RHB Lee Faught
|
0-0: Ball 1-0: Ball 2-0: Swinging Strike 2-1: Swinging Strike 2-2: Ball 3-2: Base on Balls Christian Gentry to third Orlando Casillas to second
|
Batting: RHB Miguel Luna
|
0-0: Swinging Strike 0-1: Ball 1-1: SINGLE (Line Drive, 6MD) Christian Gentry scores Orlando Casillas to third Lee Faught to second Runner from 3rd tries for Home, SAFE, no throw
|
Batting: RHB Fernando Granados
|
0-0: Ball 1-0: SINGLE (Line Drive, 7LS) Lee Faught to third Miguel Luna to second
|
Batting: RHB Quigley Gibson
|
0-0: Called Strike 0-1: Called Strike 0-2: Strikes out swinging
|
Batting: SHB Pablo Coloa
|
0-0: Foul Ball, location: 2F 0-1: Swinging Strike 0-2: Foul Ball, location: 2F 0-2: Fielders Choice at 2nd, 6-4 (Groundball, 6)
|
Top of the 4th over - 2 run(s), 4 hit(s), 0 error(s), 2 left on base; Richland 2 - Springfield 3 |
BOTTOM OF THE 4TH |
Springfield Shooters batting - Pitching for Richland Rails : RHP Paco Manuel
|
Batting: RHB Willis Kirkendall
|
0-0: Ball 1-0: Called Strike 1-1: Swinging Strike 1-2: Foul Ball, location: 2F 1-2: Ball 2-2: Ball 3-2: Foul Ball, location: 2F 3-2: Foul Ball, location: 2F 3-2: Foul Ball, location: 2F 3-2: Base on Balls
|
Batting: LHB Daniel Faraday
|
0-0: Called Strike 0-1: Called Strike 0-2: Ball 1-2: Foul Ball, location: 2F 1-2: Foul Ball, location: 2F 1-2: Ball 2-2: Ball 3-2: Foul Ball, location: 2F 3-2: DOUBLE (Groundball, 5L) Willis Kirkendall to third
|
Batting: RHB Javier Vásquez
|
0-0: Ball 1-0: Ball 2-0: Foul Ball, location: 2F 2-1: Ball 3-1: Fly out, F5 (Line Drive, 5) Lined into DP, U5 (Line Drive, 5)
|
Batting: RHB Francisco Gonzáles
|
0-0: Called Strike 0-1: Ball Balk! Daniel Faraday to third 1-1: Swinging Strike 1-2: Strikes out swinging
|
Bottom of the 4th over - 0 run(s), 1 hit(s), 0 error(s), 1 left on base; Richland 2 - Springfield 3 |
TOP OF THE 5TH |
Richland Rails batting - Pitching for Springfield Shooters : LHP Gabriel Valenzuela
|
Batting: RHB Kazu Hishida
|
0-0: Ball 1-0: Called Strike 1-1: Fly out, F7 (Line Drive, 7)
|
Batting: RHB Christian Gentry
|
0-0: Ball 1-0: Called Strike 1-1: SINGLE (Groundball, 56D)
|
Batting: LHB Orlando Casillas
|
0-0: Ball 1-0: Foul Ball, location: 2F 1-1: Swinging Strike 1-2: Fielders Choice at 2nd, 4-6 (Groundball, 4)
|
Batting: SHB Jasper Otto
|
0-0: Ball 1-0: Foul Ball, location: 2F 1-1: Called Strike 1-2: SINGLE (Groundball, 56D) Orlando Casillas to second Runner from 2nd tries for 3rd, SAFE, no throw
|
Batting: RHB Lee Faught
|
0-0: Ball 1-0: Called Strike 1-1: Fly out, F8 (Line Drive, 8LS)
|
Top of the 5th over - 0 run(s), 2 hit(s), 0 error(s), 2 left on base; Richland 2 - Springfield 3 |
BOTTOM OF THE 5TH |
Springfield Shooters batting - Pitching for Richland Rails : RHP Paco Manuel
|
Batting: SHB Benedict Patel
|
0-0: Ball 1-0: Ball 2-0: Called Strike 2-1: Foul Ball, location: 2F 2-2: Foul Ball, location: 2F 2-2: Ball 3-2: Base on Balls
|
Batting: RHB Carlos Cardona
|
0-0: Ball 1-0: Called Strike 1-1: Ball 2-1: Swinging Strike 2-2: SINGLE (Line Drive, 34) Benedict Patel to second
|
Pitching: RHP Bartolo Ramírez
|
|
Batting: LHB Chris Payling
|
0-0: Ball 1-0: Fly out, F8 (Flyball, 8RD) Runner from 2nd tags up, SAFE at 3rd, no throw
|
Batting: RHB Gabrio Campoverde
|
0-0: Grounds into double play, 5-4-3 (Groundball, 56)
|
Bottom of the 5th over - 0 run(s), 1 hit(s), 0 error(s), 1 left on base; Richland 2 - Springfield 3 |
TOP OF THE 6TH |
Richland Rails batting - Pitching for Springfield Shooters : LHP Gabriel Valenzuela
|
Batting: RHB Miguel Luna
|
0-0: Fly out, F3 (Line Drive, 3S)
|
Batting: RHB Fernando Granados
|
0-0: Ball 1-0: Called Strike 1-1: Swinging Strike 1-2: Strikes out looking
|
Batting: RHB Quigley Gibson
|
0-0: Fly out, F2 (Popup, 23)
|
Top of the 6th over - 0 run(s), 0 hit(s), 0 error(s), 0 left on base; Richland 2 - Springfield 3 |
BOTTOM OF THE 6TH |
Springfield Shooters batting - Pitching for Richland Rails : RHP Bartolo Ramírez
|
Batting: LHB Shahid Afridi
|
0-0: Ball 1-0: Called Strike 1-1: DOUBLE (Line Drive, 78M)
|
Batting: RHB Willis Kirkendall
|
0-0: Ball 1-0: Ball 2-0: Called Strike 2-1: Ball 3-1: Called Strike 3-2: SINGLE (Groundball, 6MD) Shahid Afridi to third
|
Batting: LHB Daniel Faraday
|
0-0: Ball 1-0: Called Strike 1-1: Ball 2-1: Foul Ball, location: 2F 2-2: Ball 3-2: Ground out 4-3 (Groundball, 4) Willis Kirkendall to second
|
Batting: RHB Javier Vásquez
|
0-0: Foul Ball, location: 2F 0-1: Ball 1-1: Swinging Strike 1-2: Ball 2-2: SINGLE (Line Drive, 34D) Shahid Afridi scores Willis Kirkendall to third
|
Batting: RHB Francisco Gonzáles
|
0-0: Ball 1-0: Called Strike 1-1: Called Strike 1-2: Ball 2-2: Ground out 5-3 (Groundball, 56S) Javier Vásquez to second
|
Batting: SHB Benedict Patel
|
0-0: Ball 1-0: Ball 2-0: Ball 3-0: Base on Balls
|
Batting: RHB Carlos Cardona
|
0-0: Called Strike 0-1: SINGLE (Line Drive, 6D) Willis Kirkendall scores Javier Vásquez to third Benedict Patel to second Runner from 3rd tries for Home, SAFE, no throw
|
Pitching: RHP Manuel Morales
|
|
Batting: LHB Chris Payling
|
0-0: Swinging Strike 0-1: Foul Ball, location: 2F 0-2: Fly out, F6 (Popup, 6D)
|
Bottom of the 6th over - 3 run(s), 4 hit(s), 0 error(s), 2 left on base; Richland 2 - Springfield 6 |
TOP OF THE 7TH |
Richland Rails batting - Pitching for Springfield Shooters : LHP Gabriel Valenzuela
|
Batting: SHB Pablo Coloa
|
0-0: Ball 1-0: Ball 2-0: Foul Ball, location: 2F 2-1: Called Strike 2-2: Strikes out swinging
|
Batting: RHB Kazu Hishida
|
0-0: Ground out 5-3 (Groundball, 56)
|
Batting: RHB Christian Gentry
|
0-0: Ball 1-0: Ball 2-0: Called Strike 2-1: SINGLE (Groundball, 34D)
|
Batting: LHB Orlando Casillas
|
0-0: Ball Christian Gentry is caught stealing 2nd base
|
Top of the 7th over - 0 run(s), 1 hit(s), 0 error(s), 0 left on base; Richland 2 - Springfield 6 |
BOTTOM OF THE 7TH |
Springfield Shooters batting - Pitching for Richland Rails : RHP Manuel Morales
|
Batting: RHB Gabrio Campoverde
|
0-0: Called Strike 0-1: Called Strike 0-2: Ball 1-2: Foul Ball, location: 2F 1-2: Fly out, F8 (Flyball, 8LM)
|
Batting: LHB Shahid Afridi
|
0-0: Ball 1-0: Ground out 4-3 (Groundball, 4)
|
Batting: RHB Willis Kirkendall
|
0-0: SINGLE (Groundball, 34D)
|
Batting: LHB Daniel Faraday
|
0-0: DOUBLE (Line Drive, 78M) Willis Kirkendall to third
|
Batting: RHB Javier Vásquez
|
0-0: Swinging Strike 0-1: 3-RUN HOME RUN (Flyball, 9D), Distance : 369 ft
|
Batting: RHB Francisco Gonzáles
|
0-0: Called Strike 0-1: Foul Ball, location: 2F 0-2: Ball 1-2: Ball 2-2: Foul Ball, location: 2F 2-2: Foul Ball, location: 2F 2-2: Fly out, F7 (Line Drive, 78S)
|
Bottom of the 7th over - 3 run(s), 3 hit(s), 0 error(s), 0 left on base; Richland 2 - Springfield 9 |
TOP OF THE 8TH |
Richland Rails batting - Pitching for Springfield Shooters : LHP Gabriel Valenzuela
|
Now at 1B: Tony Cantú
|
|
Batting: LHB Orlando Casillas
|
0-0: Called Strike 0-1: Ball 1-1: Swinging Strike 1-2: Strikes out swinging
|
Pitching: LHP Tomás Galván
|
|
Batting: SHB Jasper Otto
|
0-0: Called Strike 0-1: Foul Ball, location: 2F 0-2: Ball 1-2: Foul Ball, location: 2F 1-2: Strikes out swinging
|
Batting: RHB Lee Faught
|
0-0: Called Strike 0-1: Foul Ball, location: 2F 0-2: Strikes out swinging
|
Top of the 8th over - 0 run(s), 0 hit(s), 0 error(s), 0 left on base; Richland 2 - Springfield 9 |
BOTTOM OF THE 8TH |
Springfield Shooters batting - Pitching for Richland Rails : RHP Manuel Morales
|
Batting: SHB Benedict Patel
|
0-0: SINGLE (Groundball, 56D)
|
Batting: RHB Carlos Cardona
|
0-0: Ball Benedict Patel steals 2nd base 1-0: Ball 2-0: Fly out, F9 (Flyball, 89M)
|
Batting: LHB Chris Payling
|
0-0: Ball 1-0: Ground out U3 (Groundball, 34) Benedict Patel to third
|
Batting: RHB Gabrio Campoverde
|
0-0: Called Strike 0-1: Ball 1-1: Foul Ball, location: 2F 1-2: Fly out, F6 (Line Drive, 6)
|
Bottom of the 8th over - 0 run(s), 1 hit(s), 0 error(s), 1 left on base; Richland 2 - Springfield 9 |
TOP OF THE 9TH |
Richland Rails batting - Pitching for Springfield Shooters : LHP Tomás Galván
|
Batting: RHB Miguel Luna
|
0-0: Foul Ball, location: 2F 0-1: Foul Ball, location: 2F 0-2: Strikes out swinging
|
Batting: RHB Fernando Granados
|
0-0: Swinging Strike 0-1: Ground out 5-3 (Groundball, 2L)
|
Batting: RHB Quigley Gibson
|
0-0: Called Strike 0-1: Swinging Strike 0-2: Strikes out swinging
|
Top of the 9th over - 0 run(s), 0 hit(s), 0 error(s), 0 left on base; Richland 2 - Springfield 9 |
|